AoeStats
← Red Calypso

Arena

505231994Analyzed
4v4 RM · 24d ago on Sep 8, 2026· 36m 47s· 8 players
Game mode
Random Map
Map size
Large (8 player)
Population
200
Speed
Normal
Resources
Standard
Victory
Conquest
Starting age
Dark Age
Ending age
Imperial Age
RankedLock teamsTeams togetherTeam positionsShared explorationLock speedFull tech treeHidden civsTurbo modeCheats
Victory
Defeat
🇨🇳 Inca · China
1513
+9
1355
+15
🇨🇳 Franks · China
1191
+22
🇨🇳 Poles · China
1129
+24
🇦🇹 Britons · Austria
1400
-20
🇩🇪 Vikings · Germany
1395
-20
🇩🇪 Magyars · Germany
1364
-19
🇮🇹 Bohemians · Italy
1179
-11
路边的野人
10:11 Feudal Age
13:47 Castle Age
12:06 Double-Bit Axe
15:13 Bow Saw
23:18 Wheelbarrow
23:30 Loom
25:08 Gold Mining
28:34 Imperial Age
27:10 Gold Shaft Mining
26:57 Scale Barding Armor
27:02 Forging
28:14 Chain Barding Armor
29:45 Iron Casting
28:51 Cavalier
29:48 Capped Ram
32:41 Blast Furnace
32:37 Plate Barding Armor
32:44 Paladin
35:45 Conscription
35:45 Husbandry
广林
5:06 Loom
11:22 Feudal Age
15:11 Castle Age
13:01 Horse Collar
13:59 Double-Bit Axe
17:13 Bow Saw
22:02 Heavy Plow
23:04 Gold Mining
23:33 Szlachta Privileges
23:51 Scale Barding Armor
23:56 Forging
25:25 Wheelbarrow
25:38 Bloodlines
25:49 Chain Barding Armor
26:05 Iron Casting
28:44 Husbandry
35:28 Town Watch
35:59 Hand Cart
yesila
10:28 Feudal Age
10:32 Feudal Age
11:36 Double-Bit Axe
12:04 Horse Collar
14:35 Castle Age
14:11 Gold Mining
14:08 Champi Runner
15:29 Bow Saw
15:01 Champi Warrior
18:04 Wheelbarrow
19:23 Squires
19:45 Scale Mail Armor
23:49 Chain Mail Armor
25:09 Arson
25:50 Forging
27:43 Iron Casting
31:32 Heavy Plow
33:00 Gold Shaft Mining
33:12 Hand Cart
33:16 Loom
33:57 Stone Mining
38:34 Imperial Age
36:01 Town Watch
哭稀饭(2125613428)
10:58 Feudal Age
11:40 Double-Bit Axe
12:03 Horse Collar
14:50 Castle Age
15:53 Bow Saw
16:25 Loom
22:12 Wheelbarrow
23:24 Gold Mining
23:57 Hand Cart
25:06 Gold Shaft Mining
28:33 Imperial Age
27:26 Fortified Wall
27:13 Fletching
27:23 Padded Archer Armor
27:23 Man-at-Arms
28:19 Masonry
28:03 Stone Mining
28:18 Squires
28:07 Long Swordsman
29:48 Scale Mail Armor
29:58 Forging
29:32 Legionary
32:00 Forging
32:05 Chain Mail Armor
31:33 Capped Ram
32:13 Pikeman
33:19 Conscription
33:19 Comitatenses
33:56 Iron Casting
32:48 Halberdier
35:50 Blast Furnace
35:05 Siege Ram
Red Calypso
7:11 Loom
10:33 Feudal Age
14:26 Castle Age
12:27 Double-Bit Axe
16:48 Fletching
23:31 Bodkin Arrow
26:31 Wheelbarrow
26:48 Bow Saw
26:20 Horse Collar
27:30 Padded Archer Armor
32:47 Imperial Age
30:54 Pikeman
Dagoth_Ur
10:59 Feudal Age
14:56 Castle Age
13:10 Double-Bit Axe
13:47 Horse Collar
15:58 Bow Saw
19:09 Fervor
23:56 Loom
26:39 Wheelbarrow
27:23 Scale Barding Armor
27:30 Forging
30:25 Husbandry
KIV.Theo
11:38 Feudal Age
15:13 Castle Age
13:17 Double-Bit Axe
13:13 Horse Collar
16:44 Bow Saw
21:37 Wheelbarrow
23:06 Hand Cart
22:38 Loom
22:42 Town Watch
24:27 Heavy Plow
25:21 Gold Mining
25:21 Stone Mining
25:52 Bloodlines
25:42 Husbandry
26:35 Bloodlines
26:25 Husbandry
30:07 Imperial Age
27:38 Town Patrol
28:37 Gold Shaft Mining
28:27 Scale Barding Armor
31:45 Chain Barding Armor
30:46 Cavalier
33:39 Crop Rotation
35:27 Paladin
KIV.4dd44
10:04 Feudal Age
13:46 Castle Age
12:18 Horse Collar
12:24 Double-Bit Axe
14:52 Bow Saw
14:43 Heavy Plow
21:40 Gold Mining
25:02 Imperial Age
22:25 Fletching
23:35 Gold Shaft Mining
22:59 Loom
23:42 Stone Mining
24:05 Crossbowman
24:51 Bodkin Arrow
25:18 Ballistics
27:08 Two-Man Saw
26:21 Bracer
27:29 Chemistry
28:26 Padded Archer Armor
29:03 Arbalester
32:34 Leather Archer Armor
Connection lost

Rejoining the realm…

Still unreachable

The connection could not be restored.

Session expired

The server has moved on; the page needs a fresh start.